 Dungeon Crawl Stone Soup version 0.31-a0-237-g2d982f9f85 (webtiles) character file.

Game seed: 10549543508840488222

33278 qw the Marksgargoyle (level 13, -6/84 HPs)
             Began as a Gargoyle Hexslinger on July 11, 2023.
             Was a High Priest of Okawaru.
             Mangled by a dream sheep (7 damage)
             ... led by a torpor snail
             ... on level 5 of the Lair of Beasts.
             The game lasted 00:04:14 (10624 turns).

qw the Marksgargoyle (Gargoyle Hexslinger)         Turns: 10624, Time: 00:04:14

Health: -6/84      AC: 22    Str: 12    XL:     13   Next: 69%
Magic:  20/20      EV: 21    Int: 15    God:    Okawaru [*****.]
Gold:   510        SH:  0    Dex: 22    Spells: 13/14 levels left

rFire   + . .        Y - +2 triple crossbow (freeze)
rCold   + + .        (shield currently unavailable)
rNeg    + . .        q - +2 robe {rC+ rF+}
rPois   inf          (no helmet)
rElec   +            g - +0 cloak
rCorr   .            r - +1 pair of gloves "Wupn" {rPois rC+}
SInv    .            (no boots)
Will    .....        f - amulet of faith
Stlth   +++          j - +4 ring of protection
HPRegen 0.34/turn    k - +6 ring of dexterity
MPRegen 0.17/turn

%: faith
@: heroic
A: sickness immunity, AC +9, negative energy resistance 1, electricity
resistance, torment resistance 1, petrification resistance
a: Renounce Religion, Heroism, Finesse, Duel


You were on level 5 of the Lair of Beasts.
You worshipped Okawaru.
Okawaru was extremely pleased with you.
You visited 3 branches of the dungeon, and saw 17 of its levels.

You collected 861 gold pieces.
You spent 351 gold pieces at shops.


Innate Abilities, Weirdness & Mutations

You are immune to sickness and miasma.
Your stone body is resilient. (AC +9)
You are immune to poison.
You resist negative energy. (rN+)
You are resistant to electric shocks. (rElec)
You are resistant to unholy torment.
You are immune to petrification.


   Skills:
 - Level 11.0(16.0) Fighting
 + Level 16.7(21.7) Ranged Weapons
 - Level 3.2(8.2) Armour
 - Level 7.0(12.0) Dodging
 - Level 1.0 Spellcasting
 - Level 2.6 Hexes
 - Level 10.0 Invocations


You had 13 spell levels left.
You knew the following spells:

 Your Spells              Type           Power      Damage    Failure   Level
a - Slow                  Hex            32%        N/A       9%          1

Your spell library contained the following spells:

 Spells                   Type           Power      Damage    Failure   Level
 Inner Flame              Hex/Fire       4%         N/A       38%         3
 Portal Projectile        Hex/Tloc       8%         N/A       38%         3
 Cause Fear               Hex            4%         N/A       63%         4

Inventory:

Hand Weapons
 Y - a +2 triple crossbow of freezing (weapon)
Armour
 a - the +0 pair of boots of Summer {Regen+ Int+3 Slay+2}
   (You found it on level 4 of the Lair of Beasts)

   Int:       It affects your intelligence (+3).
   Slay:      It affects your accuracy & damage with ranged weapons and melee
   (+2).
   Regen:     It increases your rate of health regeneration.
 g - a +0 cloak (worn)
 m - a +3 leather armour
 q - a +2 robe of resistance (worn)
 r - the +1 pair of gloves "Wupn" (worn) {rPois rC+}
   (You found it on level 3 of the Lair of Beasts)

   rC:        It protects you from cold.
   rPois:     It protects you from poison.
Jewellery
 f - an amulet of faith (around neck)
 j - a +4 ring of protection (left hand)
 k - a +6 ring of dexterity (right hand)
 p - an amulet of the acrobat
Wands
 n - a wand of digging (4)
Scrolls
 b - 6 scrolls of identify
Potions
 c - 9 potions of curing
 d - 3 potions of enlightenment
 e - 2 potions of haste
 l - 4 potions of might
 o - a potion of resistance
 s - a potion of mutation

Dungeon Overview and Level Annotations

Branches:
Dungeon (11/15)            Temple (1/1) D:4            Lair (4/5) D:8
  Swamp (0/4) Lair:3        Snake (0/4) Lair:3          Orc (0/2) D:11
  Slime: Lair:4-5

Altars:
Ashenzari
Cheibriados
Dithmenos
Elyvilon
Fedhas
Hepliaklqana
Kikubaaqudgha
Makhleb
Nemelex Xobeh
Okawaru
Qazlal
Ru
Sif Muna
Trog
Uskayaw
Vehumet
Wu Jian
Yredelemnul
Zin
The Shining One

Shops:
D:3 **   D:11 (


Message History

The torpor snail is severely wounded.
The wolf bites you but does no damage. The dream sheep completely misses you.
The dream sheep barely misses you. The wolf barely misses you.
The torpor snail closely misses you. The komodo dragon closely misses you.
The dream sheep barely misses you. x2; The wolf bites you.
The komodo dragon misses you. The torpor snail barely misses you.
You shoot a bolt. The bolt hits the torpor snail!!!
The bolt freezes the torpor snail.
You kill the torpor snail!
Okawaru accepts your kill.
You feel yourself speed up. The wolf barely misses you.
The wolf closely misses you. The dream sheep closely misses you.
The dream sheep barely misses you. The wolf misses you.
The komodo dragon completely misses you.
The wolf closely misses you. The dream sheep closely misses you.
The dream sheep bites you but does no damage.
The wolf misses you.
You shoot a bolt. The bolt hits the komodo dragon!
The bolt freezes the komodo dragon.
The komodo dragon is heavily wounded.
The wolf bites you but does no damage. The wolf closely misses you.
The komodo dragon barely misses you. The wolf bites you.
The dream sheep misses you.
The dream sheep bites you but does no damage.
The wolf barely misses you. The komodo dragon misses you.
The wolf barely misses you.
You shoot a bolt. The bolt hits the komodo dragon!
The komodo dragon seems to slow down.
The bolt freezes the komodo dragon.
The komodo dragon is severely wounded.
The wolf closely misses you. The dream sheep bites you. x2
The wolf barely misses you. The wolf bites you but does no damage.
The dream sheep completely misses you. The wolf bites you but does no damage.
The komodo dragon bites you. The dream sheep misses you.
You shoot a bolt. The bolt hits the komodo dragon.
The komodo dragon seems to slow down.
The bolt freezes the komodo dragon.
The komodo dragon is severely wounded.
The wolf completely misses you. The wolf closely misses you.
The wolf misses you. The dream sheep misses you. The dream sheep bites you!
You die...

. .. ... ....
### .....
##.#..##......
#...PY@h......
....P.hYl......
...............
...............
...............
...............
...............
####.#.###?P...


You could see a komodo dragon (slow), 2 wolves and 2 dream sheep.

Vanquished Creatures
  Josephine (Lair:4)
  A hydra (Lair:2)
  Harold (Lair:2)
  A skyshark (Lair:4)
  Pikel (D:5)
  A lindwurm (Lair:4)
  A bog body (Lair:3)
  A manticore (D:11)
  An ugly thing (D:11)
  A salamander (Lair:3)
  A cyclops (D:11)
  6 elephants (Lair:4)
  3 black mambas
  A torpor snail (Lair:5)
  A gargoyle (D:11)
  3 kobold demonologists (D:11)
  17 cane toads
  11 komodo dragons
  2 rime drakes
  A polar bear (Lair:2)
  A hornet (Lair:3)
  Grinder (D:4)
  Prince Ribbit (D:9)
  A dream sheep (Lair:5)
  10 blink frogs
  A vampire (D:10)
  26 yaks
  5 wraiths (Lair:4)
  Eustachio (D:5)
  5 wyverns
  4 basilisks
  2 humans (D:7)
  16 water moccasins
  4 orc warriors
  A swamp drake (Lair:1)
  A sky beast (D:6)
  An ice beast (D:7)
  4 black bears
  An ogre (D:6)
  2 wolves (Lair:5)
  4 centaurs
  A lemure (D:5)
  2 kobold brigands (D:11)
  Blork the orc (D:4)
  6 bullfrogs
  4 scorpions
  9 killer bees
  2 electric eels (Lair:1)
  2 lava snakes (Lair:3)
  8 hounds
  2 jellies
  A gnoll bouda (D:4)
  8 orc priests
  A sleepcap (D:5)
  22 iguanas
  13 orc wizards
  15 gnolls
  6 adders
  2 white imps (D:6)
  A worm (D:3)
  2 dart slugs
  48 orcs
  2 ball pythons (D:4)
  6 bats
  9 endoplasms
  3 giant cockroaches
  5 hobgoblins
  4 quokkas
  13 frilled lizards (Lair:1)
  11 goblins
  5 kobolds
  5 rats
  A butterfly (Lair:3)
368 creatures vanquished.

Notes
Turn   | Place    | Note
-------+----------+-------------------------------------------
     0 | D:1      | qw the Gargoyle Hexslinger began the quest for the Orb.
     0 | D:1      | Reached XP level 1. HP: 12/12 MP: 2/2
     0 | D:1      | 0 ||| qw: Version: 0.3-a-52-g30416fa
     0 | D:1      | 0 ||| qw: Game counter: 5626
     0 | D:1      | 0 ||| qw: Melee chars always use a shield: true
     0 | D:1      | 0 ||| qw: God list: Okawaru
     0 | D:1      | 0 ||| qw: Allow faded altars: false
     0 | D:1      | 0 ||| qw: Do Orc after clearing Dungeon:15 true
     0 | D:1      | 0 ||| qw: Do second Lair branch before Depths: true
     0 | D:1      | 0 ||| qw: Lair rune preference: random
     0 | D:1      | 0 ||| qw: Goals: Normal
     0 | D:1      | 0 ||| PLANNING D:1-11
   310 | D:1      | Reached XP level 2. HP: 16/16 MP: 3/3
   486 | D:1      | Reached skill level 3 in Ranged Weapons
   862 | D:1      | 862 ||| UPGRADING to +0 cloak.
   867 | D:1      | 867 ||| UPGRADING to +0 leather armour.
   877 | D:1      | 877 ||| DROPPING +0 robe.
   878 | D:1      | 878 ||| UPGRADING to amulet of faith.
   883 | D:1      | 883 ||| READING 2 scrolls labelled HIOX ESUWAU.
   884 | D:1      | 884 ||| READING scroll of enchant weapon.
   884 | D:1      | 884 ||| ENCHANTING +2 sling.
   885 | D:1      | 885 ||| READING scroll labelled TACOAROSHI.
   885 | D:1      | Identified a scroll of acquirement
   885 | D:1      | 885 ||| ACQUIRING +9 arbalest of the Spectre {heavy, rC-
                  | rN+++ Will- SInv}
   885 | D:1      | Acquired the +9 arbalest of the Spectre {heavy, rC- rN+++
                  | Will- SInv}
   887 | D:1      | 887 ||| SWAPPING to +9 arbalest of the Spectre {heavy, rC-
                  | rN+++ Will- SInv}.
   888 | D:1      | 888 ||| DROPPING +3 sling.
   889 | D:1      | 889 ||| READING scroll labelled NUIRIMY CUTAASYME.
   890 | D:1      | 890 ||| READING scroll labelled BIAXKAI LAHAFOR.
   891 | D:1      | 891 ||| DROPPING scroll of poison.
  1226 | D:2      | Reached XP level 3. HP: 21/21 MP: 4/4
  1772 | D:2      | 1772 ||| UPGRADING to +0 ring mail.
  1782 | D:2      | 1782 ||| DROPPING +0 leather armour.
  1783 | D:2      | 1783 ||| UPGRADING to ring of protection from cold.
  1784 | D:2      | 1784 ||| READING scroll labelled EGAXERGH MUIDWORO.
  1785 | D:2      | 1785 ||| READING scroll labelled CEOWEBR FIGGIFACW.
  1786 | D:2      | 1786 ||| READING scroll labelled XOKKOKKEHUPH.
  1789 | D:2      | 1789 ||| READING scroll labelled ESOOGI GOUXT.
  1790 | D:2      | 1790 ||| DRINKING 2 glowing ruby potions.
  1791 | D:2      | 1791 ||| DRINKING 2 sapphire potions.
  1792 | D:2      | 1792 ||| DRINKING 2 bubbling purple potions.
  1793 | D:2      | 1793 ||| DROPPING potion of attraction.
  1944 | D:3      | Reached XP level 4. HP: 22/26 MP: 5/5
  2005 | D:3      | Noticed a black bear
  2011 | D:3      | Killed a black bear
  2012 | D:3      | Reached skill level 4 in Ranged Weapons
  2012 | D:3      | Reached XP level 5. HP: 17/30 MP: 6/6
  2043 | D:3      | 2043 ||| FLEEEEING.
  2109 | D:3      | Found Fethaeb's General Store.
  2110 | D:3      | Found Terer's Assorted Antiques.
  2114 | D:3      | Reached skill level 5 in Ranged Weapons
  2114 | D:3      | Reached XP level 6. HP: 35/35 MP: 7/7
  2119 | D:3      | 2119 ||| BUYING potion of heal wounds (70 gold).
  2119 | D:3      | Bought a potion of heal wounds for 70 gold pieces
  2286 | D:3      | 2286 ||| BUYING 2 amethyst potions (41 gold).
  2286 | D:3      | Bought 2 amethyst potions for 41 gold pieces
  2286 | D:3      | 2286 ||| SHOPLISTING glass wand (92 gold, have 38).
  2286 | D:3      | 2286 ||| SHOPLISTING large diamond ring (115 gold, have
                  | 38).
  2286 | D:3      | 2286 ||| SHOPLISTING large garnet amulet (115 gold, have
                  | 38).
  2286 | D:3      | 2286 ||| SHOPLISTING scroll of enchant weapon (172 gold,
                  | have 38).
  2286 | D:3      | 2286 ||| SHOPLISTING scroll of identify (46 gold, have 38).
  2349 | D:3      | 2349 ||| UPGRADING to +6 ring of dexterity.
  2350 | D:3      | 2350 ||| DRINKING 2 coppery potions.
  2351 | D:3      | 2351 ||| DRINKING 2 amethyst potions.
  2365 | D:4      | Found a staircase to the Ecumenical Temple.
  2366 | D:4      | 2366 ||| PLANNING TEMPLE
  2366 | D:4      | 2366 ||| STAIRDANCE
  2379 | D:4      | Noticed Grinder
  2381 | Temple   | Entered the Ecumenical Temple
  2456 | Temple   | 2456 ||| PLANNING D:1-11
  2476 | D:4      | Killed Grinder
  2477 | D:4      | Reached XP level 7. HP: 44/44 MP: 8/8
  2655 | D:4      | Reached skill level 6 in Ranged Weapons
  2831 | D:4      | Found an ancient bone altar of Kikubaaqudgha.
  2832 | D:4      | 2832 ||| Stepping ~*~*~tactically~*~*~ (outnumbered).
  2836 | D:4      | 2836 ||| FLEEEEING.
  2840 | D:4      | 2840 ||| FLEEEEING.
  2842 | D:4      | 2842 ||| FLEEEEING.
  2843 | D:4      | 2843 ||| FLEEEEING.
  2844 | D:4      | 2844 ||| FLEEEEING.
  2845 | D:4      | 2845 ||| FLEEEEING.
  2848 | D:4      | 2848 ||| FLEEEEING.
  2849 | D:4      | 2849 ||| FLEEEEING.
  2850 | D:4      | 2850 ||| FLEEEEING.
  2851 | D:4      | 2851 ||| FLEEEEING.
  2852 | D:4      | 2852 ||| FLEEEEING.
  2853 | D:4      | 2853 ||| FLEEEEING.
  2854 | D:4      | 2854 ||| FLEEEEING.
  2857 | D:4      | 2857 ||| FLEEEEING.
  2858 | D:4      | 2858 ||| FLEEEEING.
  3069 | D:4      | Noticed Blork the orc
  3072 | D:4      | Killed Blork the orc
  3073 | D:4      | Reached skill level 7 in Ranged Weapons
  3163 | D:4      | 3163 ||| UPGRADING to +1 leather armour of willpower.
  3173 | D:4      | 3173 ||| DROPPING +0 ring mail.
  3174 | D:4      | 3174 ||| UPGRADING to +2 robe of resistance.
  3184 | D:4      | 3184 ||| DROPPING ring of ice.
  3185 | D:4      | 3185 ||| READING scroll labelled CAODIST SALIDA.
  3186 | D:4      | 3186 ||| READING 2 scrolls of identify.
  3186 | D:4      | 3186 ||| IDENTIFYING bubbling sapphire potion
  3209 | D:5      | Entered Level 5 of the Dungeon
  3212 | D:5      | Reached XP level 8. HP: 48/48 MP: 9/9
  3316 | D:5      | Found a blossoming altar of Fedhas.
  3318 | D:5      | Noticed Eustachio
  3319 | D:5      | Killed Eustachio
  3320 | D:5      | Reached skill level 3 in Dodging
  3394 | D:5      | Noticed Pikel
  3397 | D:5      | Killed Pikel
  3398 | D:5      | Reached skill level 9 in Ranged Weapons
  3430 | D:5      | Found a white marble altar of Elyvilon.
  3430 | D:5      | Found an ornate altar of the Wu Jian Council.
  3436 | D:5      | Reached XP level 9. HP: 54/54 MP: 10/10
  3443 | D:5      | Found a broken altar of Ashenzari.
  3444 | D:5      | Found a shimmering blue altar of Sif Muna.
  3495 | D:5      | Reached skill level 6 in Fighting
  4025 | D:5      | 4025 ||| READING scroll labelled PEDIMPEHOC.
  4026 | D:5      | 4026 ||| READING scroll labelled MEXIWU VUAMASK.
  4027 | D:5      | 4027 ||| READING 2 scrolls of identify.
  4027 | D:5      | 4027 ||| IDENTIFYING yellow potion
  4028 | D:5      | 4028 ||| DROPPING potion of magic.
  4103 | D:6      | 4103 ||| Stepping ~*~*~tactically~*~*~ (outnumbered).
  4107 | D:6      | Reached skill level 10 in Ranged Weapons
  4110 | D:6      | 4110 ||| DRINKING 5 potions of curing.
  4110 | D:6      | 4110 ||| (to cure confusion)
  4213 | D:6      | Found a glowing golden altar of the Shining One.
  4762 | D:6      | 4762 ||| UPGRADING to +4 ring of protection.
  4764 | D:6      | 4764 ||| DROPPING ring of resist corrosion.
  4765 | D:6      | 4765 ||| DROPPING ring of protection from cold.
  4766 | D:6      | 4766 ||| READING 2 scrolls of identify.
  4766 | D:6      | 4766 ||| IDENTIFYING ruby potion
  4767 | D:6      | 4767 ||| DROPPING potion of lignification.
  4830 | D:7      | Found an iron altar of Okawaru.
  4831 | D:7      | 4831 ||| PLANNING OKAWARU WORSHIP
  4871 | D:7      | Became a worshipper of Warmaster Okawaru
  4872 | D:7      | 4872 ||| PLANNING D:1-11
  4992 | D:7      | Reached skill level 11 in Ranged Weapons
  4992 | D:7      | Reached XP level 10. HP: 63/63 MP: 11/11
  5168 | D:7      | Found a stormy altar of Qazlal.
  5252 | D:7      | Found a flagged portal.
  5298 | D:7      | Found a hazy altar of Hepliaklqana.
  5458 | D:7      | Reached * piety under Okawaru
  5560 | D:7      | 5560 ||| INVOKING Heroism.
  5564 | D:7      | Reached skill level 1 in Invocations
  5588 | D:7      | Found a sparkling altar of Nemelex Xobeh.
  5669 | D:7      | 5669 ||| READING scroll labelled OTOLIDDU RAWIPNEL.
  5670 | D:7      | 5670 ||| READING 2 scrolls of identify.
  5670 | D:7      | 5670 ||| IDENTIFYING glowing green potion
  5671 | D:7      | 5671 ||| DROPPING potion of invisibility.
  5757 | D:8      | Found a sacrificial altar of Ru.
  5919 | D:8      | You fall into a shaft and drop 3 floors!
  5948 | D:11     | Found Hushe's Antique Weapon Emporium.
  5958 | D:11     | 5958 ||| BUYING runed orcbow (240 gold).
  5958 | D:11     | Bought a runed orcbow for 240 gold pieces
  5958 | D:11     | 5958 ||| DROPPING +2 orcbow of draining.
  5997 | D:11     | Noticed a cyclops
  5998 | D:11     | 5998 ||| INVOKING Heroism.
  6001 | D:11     | Killed a cyclops
  6077 | D:11     | 6077 ||| INVOKING Heroism.
  6105 | D:11     | Found a staircase to the Orcish Mines.
  6135 | D:11     | Noticed a manticore
  6136 | D:11     | 6136 ||| INVOKING Heroism.
  6137 | D:11     | Killed a manticore
  6138 | D:11     | Reached skill level 3 in Invocations
  6167 | D:11     | Reached skill level 12 in Ranged Weapons
  6169 | D:11     | Reached ** piety under Okawaru
  6171 | D:11     | 6171 ||| INVOKING Heroism.
  6177 | D:11     | Noticed a white ugly thing
  6181 | D:11     | Killed a white ugly thing
  6273 | D:11     | Noticed a kobold demonologist
  6275 | D:11     | Noticed a kobold demonologist
  6275 | D:11     | Noticed a kobold demonologist
  6276 | D:11     | Killed a kobold demonologist
  6277 | D:11     | Killed a kobold demonologist
  6277 | D:11     | Reached *** piety under Okawaru
  6279 | D:11     | 6279 ||| INVOKING Heroism.
  6280 | D:11     | Noticed a soul eater
  6280 | D:11     | Noticed a gargoyle
  6285 | D:11     | Killed a kobold demonologist
  6331 | D:11     | 6331 ||| INVOKING Heroism.
  6332 | D:11     | Killed a gargoyle
  6333 | D:11     | Reached XP level 11. HP: 46/68 MP: 11/14
  6408 | D:10     | Entered Level 10 of the Dungeon
  6417 | D:10     | Reached skill level 13 in Ranged Weapons
  6422 | D:10     | 6422 ||| INVOKING Heroism.
  6430 | D:10     | HP: 11/69 [yak (11)]
  6431 | D:10     | 6431 ||| READING 2 scrolls of teleportation.
  6432 | D:10     | 6432 ||| DRINKING 3 potions of heal wounds.
  6539 | D:10     | 6539 ||| Stepping randomly (stuck).
  6540 | D:10     | 6540 ||| Stepping randomly (stuck).
  6541 | D:10     | 6541 ||| Stepping randomly (stuck).
  6543 | D:10     | 6543 ||| Stepping randomly (stuck).
  6544 | D:10     | 6544 ||| Stepping randomly (stuck).
  6545 | D:10     | 6545 ||| Stepping randomly (stuck).
  6546 | D:10     | 6546 ||| Stepping randomly (stuck).
  6547 | D:10     | 6547 ||| Stepping randomly (stuck).
  6548 | D:10     | 6548 ||| Stepping randomly (stuck).
  6549 | D:10     | 6549 ||| Stepping randomly (stuck).
  6550 | D:10     | 6550 ||| Stepping randomly (stuck).
  6551 | D:10     | 6551 ||| Stepping randomly (stuck).
  6583 | D:9      | Noticed Prince Ribbit
  6585 | D:9      | Killed Prince Ribbit
  6589 | D:9      | Reached skill level 9 in Fighting
  6617 | D:9      | 6617 ||| READING 2 scrolls of identify.
  6617 | D:9      | 6617 ||| IDENTIFYING red potion
  6632 | D:8      | 6632 ||| INVOKING Heroism.
  6740 | D:8      | Found a staircase to the Lair.
  6836 | D:8      | Found a hide-covered altar of Uskayaw.
  6837 | D:8      | 6837 ||| Stepping ~*~*~tactically~*~*~ (outnumbered).
  7131 | D:8      | 7131 ||| PLANNING LAIR
  7131 | D:8      | 7131 ||| DROPPING +1 leather armour of willpower.
  7132 | D:8      | 7132 ||| READING scroll labelled ETEWKU FESISTUACS.
  7201 | Lair:1   | Entered Level 1 of the Lair of Beasts
  7202 | Lair:1   | 7202 ||| INVOKING Heroism.
  7208 | Lair:1   | Reached **** piety under Okawaru
  7287 | Lair:1   | 7287 ||| INVOKING Heroism.
  7319 | Lair:1   | 7319 ||| INVOKING Heroism.
  7399 | Lair:1   | 7399 ||| INVOKING Heroism.
  7401 | Lair:1   | Received a gift from Okawaru
  7504 | Lair:1   | 7504 ||| INVOKING Heroism.
  7506 | Lair:1   | Reached skill level 14 in Ranged Weapons
  7506 | Lair:1   | Reached skill level 6 in Invocations
  7588 | Lair:1   | Reached ***** piety under Okawaru
  7636 | Lair:1   | 7636 ||| INVOKING Heroism.
  7661 | Lair:1   | Reached XP level 12. HP: 77/77 MP: 17/17
  7802 | Lair:1   | 7802 ||| INVOKING Heroism.
  7829 | Lair:1   | 7829 ||| INVOKING Heroism.
  7831 | Lair:1   | Received a gift from Okawaru
  7844 | Lair:1   | 7844 ||| SWAPPING to +1 triple crossbow of freezing.
  7845 | Lair:1   | 7845 ||| DROPPING +9 arbalest of the Spectre {heavy, rC-
                  | rN+++ Will- SInv}.
  7879 | Lair:1   | 7879 ||| Stepping ~*~*~tactically~*~*~ (water).
  7880 | Lair:1   | 7880 ||| INVOKING Heroism.
  7902 | Lair:1   | Reached skill level 6 in Dodging
  8038 | Lair:1   | 8038 ||| DROPPING ring of flight.
  8039 | Lair:1   | 8039 ||| READING scroll labelled FIUHAV ZUSUS.
  8087 | Lair:1   | 8087 ||| READING 5 scrolls of identify.
  8087 | Lair:1   | 8087 ||| IDENTIFYING grey potion
  8088 | Lair:1   | 8088 ||| READING 4 scrolls of identify.
  8088 | Lair:1   | 8088 ||| IDENTIFYING fizzy red potion
  8089 | Lair:1   | 8089 ||| DROPPING potion of degeneration.
  8124 | Lair:2   | 8124 ||| STAIRDANCE
  8205 | Lair:2   | 8205 ||| INVOKING Heroism.
  8248 | Lair:2   | Reached skill level 9 in Invocations
  8250 | Lair:2   | 8250 ||| INVOKING Heroism.
  8363 | Lair:2   | 8363 ||| INVOKING Heroism.
  8379 | Lair:2   | Noticed a seven-headed hydra
  8382 | Lair:2   | Killed a seven-headed hydra
  8637 | Lair:2   | 8637 ||| INVOKING Heroism.
  8658 | Lair:2   | 8658 ||| READING scroll of enchant weapon.
  8658 | Lair:2   | 8658 ||| ENCHANTING +1 triple crossbow of freezing.
  8782 | Lair:2   | Reached skill level 15 in Ranged Weapons
  8848 | Lair:2   | Noticed Harold
  8849 | Lair:2   | 8849 ||| INVOKING Heroism.
  8852 | Lair:2   | Killed Harold
  9021 | Lair:2   | 9021 ||| INVOKING Heroism.
  9205 | Lair:2   | 9205 ||| DROPPING ring of see invisible.
  9206 | Lair:2   | 9206 ||| READING 4 scrolls of identify.
  9206 | Lair:2   | 9206 ||| IDENTIFYING emerald potion
  9207 | Lair:2   | 9207 ||| DROPPING potion of brilliance.
  9302 | Lair:3   | Found a staircase to the Swamp.
  9312 | Lair:3   | Reached XP level 13. HP: 76/82 MP: 20/20
  9368 | Lair:3   | Identified the +7 chain mail of Weak Surprise {rC+ SInv}
                  | (Okawaru gifted it to you on level 3 of the Lair of Beasts)
  9368 | Lair:3   | Received a gift from Okawaru
  9434 | Lair:3   | 9434 ||| INVOKING Heroism.
  9626 | Lair:3   | Reached skill level 16 in Ranged Weapons
  9689 | Lair:3   | Identified the +1 pair of gloves "Wupn" {rPois rC+}
  9819 | Lair:3   | Found a staircase to the Snake Pit.
  9989 | Lair:3   | 9989 ||| UPGRADING to +1 pair of gloves "Wupn" {rPois rC+}.
  9994 | Lair:3   | 9994 ||| DROPPING ring of magical power.
  9995 | Lair:3   | 9995 ||| DROPPING +6 ring of intelligence.
 10090 | Lair:4   | 10090 ||| INVOKING Heroism.
 10092 | Lair:4   | Reached skill level 3 in Armour
 10101 | Lair:4   | HP: 13/84 [cane toad (14)]
 10102 | Lair:4   | 10102 ||| READING 5 scrolls of teleportation.
 10102 | Lair:4   | HP: 2/84 [cane toad (12)]
 10103 | Lair:4   | 10103 ||| DRINKING 4 potions of heal wounds.
 10105 | Lair:4   | 10105 ||| DRINKING 3 potions of heal wounds.
 10105 | Lair:4   | Noticed Josephine
 10110 | Lair:4   | HP: 15/81 [Josephine/ghostly fireball (12)]
 10111 | Lair:4   | 10111 ||| READING 4 scrolls of teleportation.
 10112 | Lair:4   | 10112 ||| DRINKING 2 potions of heal wounds.
 10114 | Lair:4   | Killed Josephine
 10117 | Lair:4   | HP: 16/84 [lindwurm (10)]
 10118 | Lair:4   | 10118 ||| READING 3 scrolls of teleportation.
 10119 | Lair:4   | 10119 ||| DRINKING potion of heal wounds.
 10144 | Lair:4   | 10144 ||| INVOKING Heroism.
 10175 | Lair:4   | 10175 ||| INVOKING Heroism.
 10320 | Lair:4   | 10320 ||| INVOKING Heroism.
 10327 | Lair:4   | Identified the +12 longbow of Fixation {drain, Will+ Str+5
                  | Dex+3} (Okawaru gifted it to you on level 4 of the Lair of
                  | Beasts)
 10327 | Lair:4   | Received a gift from Okawaru
 10331 | Lair:4   | HP: 21/84 [five-headed hydra (9)]
 10332 | Lair:4   | 10332 ||| READING 2 scrolls of teleportation.
 10335 | Lair:4   | HP: 10/84 [komodo dragon (2)]
 10349 | Lair:4   | 10349 ||| READING scroll of teleportation.
 10419 | Lair:4   | 10419 ||| INVOKING Heroism.
 10478 | Lair:4   | 10478 ||| INVOKING Heroism.
 10601 | Lair:4   | Identified the +0 pair of boots of Summer {Regen+ Int+3
                  | Slay+2}
 10606 | Lair:4   | You fall into a shaft and drop 1 floor!
 10606 | Lair:5   | Entered Level 5 of the Lair of Beasts
 10609 | Lair:5   | 10609 ||| INVOKING Heroism.
 10619 | Lair:5   | HP: 16/84 [torpor snail (11)]
 10623 | Lair:5   | HP: 6/84 [dream sheep[a torpor snail] (6)]
 10623 | Lair:5   | HP: 1/84 [komodo dragon (3)]
 10624 | Lair:5   | Mangled by a dream sheep

Levels and vault maps discovered:
D:1:      minmay_arrival_doors, layout_loops_corners
D:2:      layout_basic
D:3:      layout_basic, serial_shops, shop, nicolae_shop_peninsula,
          serial_curves, eino_curves_01, eino_curves_03
D:4:      layout_basic, kiku_gazebo_garden_becter,
          minmay_temple_entry_stoned_glass, minmay_fountain_box,
          uniq_blork_the_orc, uniq_grinder
D:5:      layout_cave_pods, mainiacjoe_overflow_small_starburst,
          nicolae_overflow_macrodata_refinement, uniq_eustachio, uniq_pikel
D:6:      layout_loops_ring, tso_metal_star
D:7:      layout_basic, nicolae_overflow_hidden_temple,
          worldfamousw_hep_ancestral_shrine, okawaru_humans,
          nicolae_qazlal_general_emergency, enter_bailey_3
D:8:      layout_loops_ring, mainiacjoe_overflow_tiny_flanked,
          mainiacjoe_overflow_paths, lair_entry_dummy, serial_rivers,
          chequers_serial_rivers_micro_d, chequers_serial_rivers_room_b,
          chequers_serial_rivers_small_a, chequers_serial_rivers_micro_d
D:9:      layout_irregular_city, uniq_prince_ribbit1, uniq_joseph
D:10:     layout_cave_pools, mainiacjoe_overflow_boulevard,
          mainiacjoe_overflow_surrounded_room, gammafunk_ghost_necromancy,
          serial_shops, nicolae_shop_rolling_square
D:11:     layout_small_grid, hiddenorc1_lemuel, serial_shops,
          nicolae_shop_statue_plus
Temple:   nicolae_temple_great_sept
Lair:1:   lemuel_reptile_caves, layout_regular_city,
          nicolae_quartered_pool_little, cheibrodos_lair_reptile_den,
          grunt_megastairs_3, infiniplex_staircase_pool_2
Lair:2:   layout_cave_pods, grunt_megastairs_5, uniq_harold
Lair:3:   layout_loops_ring, skrybe_swamp_entry_bodies,
          nicolae_snake_entry_warm_welcome, lemuel_fruit_fields
Lair:4:   layout_regular_city, minmay_shattered_shrine, uniq_josephine
Lair:5:   evilmike_catoblepas_cave, layout_big_grid, dpeg_slime_entry_enclosed,
          st_stairs_12

Skill      XL: |  1  2  3  4  5  6  7  8  9 10 11 12 13 |
---------------+----------------------------------------+-----
Ranged Weapons | 3 4 5 7 9 11 12 14 15 16 | 16.7
Fighting       | 2 4 5 7 8 9 10 11 | 11.0
Armour         | 2 3 |  3.2
Dodging        | 3 4 5 6 7 |  7.0
Invocations    | 4 7 10 | 10.0
Spellcasting   | |  1.0
Hexes          | |  2.6

Action                     |  1- 3 |  4- 6 |  7- 9 | 10-12 | 13-15 || total
---------------------------+-------+-------+-------+-------+-------++-------
   Fire: Sling             |    50 |       |       |       |       ||    50
         Arbalest          |    15 |    33 |   136 |   240 |       ||   424
         Triple crossbow   |       |       |       |   109 |   163 ||   272
 Invoke: Heroism           |       |       |       |    24 |     8 ||    32
    Use: Scroll            |     9 |       |     6 |    10 |     5 ||    30
         Potion            |     3 |     2 |     1 |     1 |     4 ||    11
 Armour: Robe              |     6 |       |    19 |    83 |   129 ||   237
         Ring mail         |     1 |    13 |    12 |       |       ||    26
  Dodge: Dodged            |    23 |    12 |    43 |   237 |   323 ||   638

Table legend:
 A = Non-vault XP
 B = Vault XP
 C = Vault XP percentage of total XP
 D = Non-vault monster count
 E = Vault monster count
 F = Vault count percentage of total count
                 A         B        C        D         E       F
            +---------+---------+-------+---------+---------+-------
      Total |   36216 |   11324 |  23.8 |     283 |      83 |  22.7
            +---------+---------+-------+---------+---------+-------
        D:1 |      31 |       0 |   0.0 |      18 |       0 |   0.0
        D:2 |      13 |       0 |   0.0 |       8 |       0 |   0.0
        D:3 |     302 |       0 |   0.0 |      18 |       0 |   0.0
        D:4 |     491 |     361 |  42.4 |      30 |       2 |   6.2
        D:5 |     686 |     899 |  56.7 |      17 |       2 |  10.5
        D:6 |    1153 |       0 |   0.0 |      26 |       0 |   0.0
        D:7 |    1130 |     389 |  25.6 |      19 |       6 |  24.0
        D:8 |     528 |       0 |   0.0 |      18 |       0 |   0.0
        D:9 |     201 |     264 |  56.8 |       1 |       1 |  50.0
       D:10 |    1416 |       0 |   0.0 |       8 |       0 |   0.0
       D:11 |    3896 |     221 |   5.4 |      25 |      17 |  40.5
     Lair:1 |    6760 |    3805 |  36.0 |      27 |      41 |  60.3
     Lair:2 |    7165 |    1203 |  14.4 |      27 |       2 |   6.9
     Lair:3 |    5218 |    1258 |  19.4 |      22 |       4 |  15.4
     Lair:4 |    5473 |    2924 |  34.8 |      13 |       8 |  38.1
     Lair:5 |    1753 |       0 |   0.0 |       6 |       0 |   0.0
            +---------+---------+-------+---------+---------+-------
